Map: Glittering Ashes LE

Players

WorkerLord

  • Race: Terran Terran
  • League: Diamond

Seredos - Winner!

  • Race: Zerg Zerg
  • League: Diamond

VOD

Have the link to the VOD?

Description

Time

  • Played on: April 3, 2022, 5:29 a.m.
  • Length: 13:59
Show
View Real Time Build Order
Export as new Build Order

WorkerLord Terran 

Build Orders: Reaper Expand 

Get SALT Encoding   

  12  0:01  SCV  
  13  0:13  SCV  
  14  0:18  Supply Depot  
  14  0:26  SCV  
  15  0:42  Barracks  
  15  0:45  SCV, Refinery  
  16  0:57  SCV  
  17  1:09  SCV  
  18  1:23  SCV  
  19  1:31  Reaper  
  20  1:35  Orbital Command  
  20  1:47  Command Center  
  20  2:02  SCV  
  21  2:14  SCV, Barracks Reactor  
  22  2:26  SCV, Factory  
  22  2:29  Supply Depot  
  23  2:50  Marine x2  
  23  2:51  SCV  
  26  2:55  Refinery  
  26  3:01  Bunker  
  26  3:02  Barracks  
  26  3:03  SCV, Orbital Command  
  27  3:22  SCV  
  28  3:27  Starport  
  28  3:31  Barracks Tech Lab  
  28  3:37  Hellion x2  
  28  3:38  SCV x2  
  34  3:42  Refinery  
  34  3:50  SCV  
  34  3:54  Stimpack  
  35  3:59  Hellion  
  35  4:00  Hellion  
  35  4:02  Command Center  
  39  4:03  SCV  
  39  4:05  SCV, Marine  
  42  4:19  SCV x2  
  44  4:24  Barracks Tech Lab  
  44  4:32  SCV x2  
  44  4:34  Refinery  
  46  4:43  Supply Depot  
  46  4:57  Supply Depot  
  46  5:02  Combat Shield  
  46  5:04  SCV, Liberator  
  46  5:05  Hellion x2  
  46  5:06  Supply Depot  
  54  5:12  Supply Depot  
  54  5:14  SCV  
  55  5:16  SCV  
  56  5:24  Orbital Command  
  56  5:26  SCV, Barracks  
  57  5:28  SCV  
  56  5:38  SCV  
  56  5:41  SCV  
  58  5:50  SCV  
  58  5:53  SCV  
  58  5:55  Marine  
  61  6:00  Marine x2, Supply Depot  
  61  6:02  SCV  
  64  6:05  SCV, Barracks  
  65  6:13  Marine  
  65  6:14  SCV  
  65  6:18  Marine x2  
  69  6:20  SCV  
  70  6:26  SCV  
  70  6:30  Marine  
  70  6:32  SCV  
  63  6:37  Marine, Engineering Bay  
  63  6:38  SCV  
  65  6:40  Marine x2, Armory  
  65  6:42  Siege Tank, Supply Depot  
  65  6:44  SCV, Orbital Command  
  71  6:48  Marine  
  71  6:50  SCV  
  70  6:54  Starport Reactor  
  70  6:55  Marine  
  70  6:56  SCV  
  70  6:57  Barracks  
  70  6:58  Marine  
  70  6:59  Barracks  
  73  7:03  SCV, Concussive Shells  
  73  7:04  Engineering Bay  
  73  7:06  Marine  
  75  7:08  SCV  
  75  7:15  SCV  
  77  7:20  Orbital Command, SCV  
  77  7:21  Siege Tank  
  80  7:28  SCV  
  81  7:32  Terran Infantry Armor Level 1  
  81  7:33  Terran Infantry Weapons Level 1  
  80  7:39  Marine x2  
  80  7:41  SCV x2  
  83  7:44  Marine  
  83  7:45  Marine  
  83  7:47  Medivac  
  83  7:48  Medivac, Barracks Reactor  
  83  7:49  SCV  
  90  7:53  SCV x2, Siege Tank  
  90  7:56  Marine  
  96  8:01  SCV  
  96  8:05  Supply Depot  
  97  8:09  SCV, Marine  
  97  8:10  SCV, Marine x2  
  102  8:13  Barracks  
  102  8:14  Marine  
  102  8:16  Barracks Reactor  
  102  8:18  Barracks  
  102  8:19  Medivac x2  
  107  8:27  Siege Tank, Marine x2  
  110  8:28  Marine  
  110  8:32  Marine  
  114  8:34  SCV x2  
  116  8:45  Marine  
  117  8:53  Bunker  
  117  8:57  Supply Depot  
  117  8:58  Supply Depot  
  117  9:02  Supply Depot  
  117  9:04  Supply Depot  
  117  9:15  Marine, Command Center  
  117  9:17  Marine  
  117  9:18  SCV  
  117  9:19  SCV x2  
  117  9:21  Marine x2  
  117  9:23  Marine  
  117  9:24  Marine  
  117  9:30  SCV  
  117  9:31  SCV x2  
  118  9:33  Marine  
  118  9:34  Marine  
  120  9:39  Marine x2  
  120  9:41  Marine  
  120  9:42  SCV  
  120  9:43  SCV x2  
  120  9:45  Marine  
  120  9:48  Refinery  
  120  9:49  Refinery  
  120  9:51  Marine  
  120  9:52  Marine, Terran Infantry Weapons Level 2  
  121  9:53  Terran Infantry Armor Level 2, Command Center  
  121  9:54  SCV  
  121  9:55  SCV x2  
  121  9:57  Marine x2, Barracks Tech Lab, Barracks Reactor  
  121  9:59  Marine, Liberator  
  128  10:00  Liberator  
  128  10:01  Siege Tank  
  128  10:03  Marauder  
  128  10:06  SCV  
  140  10:07  SCV x2  
  140  10:09  Marine  
  140  10:10  Marine  
  143  10:14  Marine  
  143  10:15  Marine  
  143  10:17  Marine  
  143  10:18  SCV  
  143  10:19  SCV x2  
  148  10:34  Marine  
  149  10:52  Barracks, Terran Vehicle And Ship Armor Level 1  
  149  10:53  Supply Depot  
  149  11:04  SCV x2, Marine x9  
  149  11:05  SCV, Marauder  
  149  11:08  Supply Depot  
  149  11:09  Supply Depot  
  163  11:17  SCV x2  
  160  11:22  Marine x8  
  165  11:26  Marauder  
  117  11:56  Marine x3  
  109  12:01  Marine x2  
  109  12:02  SCV, Marine x2  
  109  12:03  Marine x2  
  109  12:06  Siege Tank  
  119  12:14  Marine x3  
  118  12:18  SCV  
  118  12:19  Marine x3  
  118  12:20  Marine x2  
  118  12:21  Marine  
  123  12:26  SCV  
  121  12:30  SCV  
  121  12:31  Marine  
  121  12:32  Marine x2  
  123  12:37  Marine x3  
  123  12:38  SCV, Siege Tank, Marine x3  
  123  12:42  SCV  
  134  12:48  Medivac x2  
  134  12:49  Marine x4  
  134  12:50  SCV  
  143  12:51  Marine  
  143  12:54  SCV  
  143  12:55  Marine x3  
  143  12:56  Marine x3  
  151  13:02  SCV  
  152  13:06  SCV  
  152  13:07  Marine x4  
  152  13:09  Marine  
  158  13:44  SCV  
Show
View Real Time Build Order
Export as new Build Order

Seredos Zerg - Winner!

Build Orders: Hatch First 

Get SALT Encoding   

  12  0:01  Drone  
  13  0:13  Overlord  
  13  0:16  Drone  
  14  0:22  Extractor  
  14  0:23  Drone  
  15  0:31  Drone  
  15  0:35  Drone  
  17  0:54  Hatchery  
  17  0:56  Drone  
  17  1:10  Spawning Pool  
  16  1:13  Drone  
  16  1:16  Drone  
  18  1:20  Drone  
  18  1:23  Extractor  
  18  1:28  Drone  
  19  1:39  Overlord  
  19  1:56  Queen  
  19  1:57  Zergling x2  
  19  2:01  Zergling x2  
  23  2:07  Queen  
  23  2:08  Drone  
  26  2:11  Drone  
  27  2:17  Drone  
  28  2:24  Drone  
  28  2:26  Metabolic Boost  
  28  2:28  Drone  
  30  2:39  Drone, Overlord  
  31  2:47  Queen  
  31  2:50  Drone, Overlord  
  34  3:08  Hatchery  
  33  3:14  Drone x5  
  37  3:20  Drone  
  38  3:31  Zergling x6  
  38  3:32  Zergling x4  
  43  3:45  Roach Warren  
  42  3:52  Overlord x2  
  42  3:53  Drone x3  
  42  3:54  Drone  
  42  3:55  Drone  
  47  3:58  Overlord  
  47  4:10  Lair  
  46  4:21  Drone x7  
  46  4:22  Drone x2  
  55  4:28  Extractor x2  
  55  4:29  Extractor  
  52  4:34  Queen  
  54  4:44  Drone x3  
  57  4:47  Roach x4  
  65  4:58  Roach x5  
  75  5:01  Drone  
  76  5:08  Evolution Chamber  
  76  5:09  Evolution Chamber  
  74  5:14  Drone x2  
  74  5:15  Drone, Baneling Nest  
  75  5:39  Hydralisk Den  
  75  5:41  Zerg Melee Weapons Level 1, Zerg Ground Armor Level 1  
  75  5:42  Glial Reconstitution  
  74  5:44  Drone x4  
  74  5:45  Drone  
  74  5:46  Overlord  
  79  5:55  Queen  
  81  5:59  Centrifugal Hooks  
  81  6:02  Overlord  
  81  6:03  Queen  
  83  6:15  Muscular Augments  
  83  6:17  Overlord x3  
  77  6:30  Drone  
  77  6:31  Drone x2  
  77  6:32  Drone x3  
  74  6:33  Drone x3  
  68  6:48  Drone x5  
  72  6:58  Drone x3  
  72  7:01  Drone x2  
  76  7:10  Baneling x5  
  76  7:16  Drone x4  
  74  7:44  Zergling x18  
  63  7:45  Zergling x6  
  63  7:48  Hydralisk x2  
  75  7:56  Zergling x4  
  77  8:04  Baneling x2  
  77  8:05  Baneling x9  
  77  8:06  Baneling x8  
  77  8:07  Hydralisk  
  77  8:08  Hydralisk  
  81  8:20  Zergling x8  
  81  8:21  Zergling x8  
  81  8:22  Zergling x2  
  81  8:24  Baneling  
  81  8:25  Baneling x3  
  90  8:29  Zerg Melee Weapons Level 2  
  90  8:34  Drone x3  
  93  8:35  Drone  
  93  8:41  Infestation Pit  
  93  8:51  Hydralisk  
  93  8:52  Hydralisk x2  
  93  8:53  Zergling x8  
  93  8:55  Zergling x2  
  104  8:59  Drone  
  105  9:08  Drone x6  
  108  9:42  Hatchery  
  106  9:47  Overlord x2  
  106  9:48  Overlord x2  
  106  9:51  Grooved Spines  
  106  10:03  Overlord x4  
  106  10:07  Hive  
  106  10:11  Zerg Ground Armor Level 2  
  98  10:25  Hydralisk x2  
  98  10:26  Hydralisk, Zergling x6  
  98  10:27  Zergling x18  
  116  10:42  Hydralisk x3  
  116  10:43  Zergling x8  
  116  10:49  Baneling  
  126  10:50  Baneling x4  
  126  10:59  Drone x3  
  126  11:03  Drone  
  130  11:08  Hydralisk x3  
  130  11:09  Zergling x10  
  140  11:12  Baneling  
  140  11:13  Baneling x9  
  130  11:23  Hydralisk x3  
  130  11:24  Zergling x6  
  115  11:58  Zergling x6  
  115  11:59  Zergling x12, Hydralisk x5  
  129  12:30  Hydralisk x4  
  129  12:31  Zergling x10  
  129  12:32  Zergling x6  
  140  12:42  Ultralisk Cavern  
  139  12:44  Drone x2, Extractor  
  139  12:45  Drone, Extractor  
  139  12:46  Drone x2  
  142  12:53  Baneling x10  
  142  12:54  Baneling x8  
  142  12:55  Baneling x2  
  142  13:05  Zergling x12, Drone  
  147  13:06  Zergling x2  
  147  13:12  Zergling x12  
  156  13:14  Overlord x4  
  156  13:32  Zergling x6  
  156  13:33  Zergling x8  
  163  13:43  Hatchery  
Tags
 
Add a new tag
Caveats
  • Supply blocks, unpowered buildings, or Contaminate may cause inaccurate times.
  • Supply counts are checked every 10 seconds.